 Dungeon Crawl Stone Soup version 0.20-a0-1101-g1de9d76 (webtiles) character file.

91 Alarkh the Chopper (level 4, -7/35 HPs)
             Began as a Demonspawn Berserker on May 4, 2017.
             Was a Believer of Trog.
             Mangled by a gnoll
             ... wielding a +0 spear
              (9 damage)
             ... on level 2 of the Dungeon.
             The game lasted 00:02:06 (2247 turns).

Alarkh the Chopper (Demonspawn Berserker)           Turns: 2247, Time: 00:02:07

Health: -7/35      AC:  2    Str: 17    XL:     4   Next: 33%
Magic:  4/4        EV: 12    Int: 10    God:    Trog [**....]
Gold:   100        SH:  0    Dex: 12    Spells: 3/3 levels left

rFire    . . .     SeeInvis .   a - +0 hand axe
rCold    + . .     Gourm    .   (no shield)
rNeg     . . .     Faith    .   b - +0 animal skin
rPois    .         Spirit   .   (no helmet)
rElec    .         Reflect  .   (no cloak)
rCorr    .         Harm     .   (no gloves)
MR       ++...                  (no boots)
Stlth    +.........             (no amulet)
Regen    1.0/turn               m - ring of protection from cold
MPRegen  0.1/turn               (no ring)

@: very slightly contaminated, regenerating, slowed, very slow
A: hooves 1, powered by pain 1, inhibited regeneration
a: Berserk, Trog's Hand, Burn Spellbooks, Renounce Religion


You were on level 2 of the Dungeon.
You worshipped Trog.
Trog was pleased with you.
You were hungry.

You visited 1 branch of the dungeon, and saw 2 of its levels.

You collected 100 gold pieces.

Inventory:

Hand Weapons
 a - a +0 hand axe (weapon)
Armour
 b - a +0 animal skin (worn)
Jewellery
 m - a ring of protection from cold (left hand)
Scrolls
 d - a scroll of enchant weapon
 e - a scroll of identify
 j - a scroll of random uselessness
 k - a scroll of noise
 n - 2 scrolls of magic mapping
Potions
 f - a potion of curing
 i - 4 potions of flight
Comestibles
 c - 2 bread rations
 h - a royal jelly
 o - 7 chunks of flesh


   Skills:
 - Level 3.0 Fighting
 + Level 4.7 Axes
 - Level 1.7 Armour
 - Level 1.7 Dodging


You had 3 spell levels left.
You didn't know any spells.

Dungeon Overview and Level Annotations

Branches:
Dungeon (2/15)

Altars:
Cheibriados
Dithmenos
Elyvilon
Yredelemnul


Innate Abilities, Weirdness & Mutations

You sometimes gain a little power by taking damage.
You have large cloven feet.
You do not regenerate when monsters are visible.


Message History

Unknown command.
A gnoll comes into view. It is wielding a spear.
A gnoll is nearby!
A gnoll is nearby!
The gnoll shouts!
The gnoll hits you from afar with a spear.
The gnoll hits you from afar with a spear!
* * * LOW HITPOINT WARNING * * *
Blink to where?
Press: ? - help, Dir - move target cursor You are very lightly contaminated with residual magic.
As you read the scroll of blinking, it crumbles to dust.
It was a potion of mutation.
You feel extremely strange.
Your regeneration stops near monsters.
Your feet thicken and deform.
Okay, then.
Your skin crawls.
You feel resistant to hostile enchantments.
You are feeling hungry.
The gnoll hits you from afar with a spear!
You die...

#####.#....##......#####.#.#
...........##............#.#
######....###.......####.#.#
######........#.#<..# #.#
.........######.##### #..
#######..### # ###
#.>..####### ####.#..g..#
#.#.###@# #.#g###.#####
#.#...#..... #.###.#..#
#.....)).# #####.รท..#
######


You could see a gnoll.

Vanquished Creatures
  3 gnolls (D:2)
  2 dart slugs
  A leopard gecko (D:1)
  A giant cockroach (D:1)
  6 goblins
  6 hobgoblins
  6 jackals (D:2)
  5 kobolds
  3 quokkas (D:2)
  7 bats
  3 frilled lizards
  13 rats
56 creatures vanquished.

Notes
Turn   | Place    | Note
-------+----------+-------------------------------------------
     0 | D:1      | Alarkh the Demonspawn Berserker began the quest for the Orb.
     0 | D:1      | Reached XP level 1. HP: 18/18 MP: 1/1
    71 | D:1      | Reached skill level 3 in Axes
   135 | D:1      | Gained mutation: You sometimes gain a little power by taking damage. [demonic ancestry]
   135 | D:1      | Reached XP level 2. HP: 18/24 MP: 2/2
  1003 | D:2      | Reached ** piety under Trog
  1037 | D:2      | Reached XP level 3. HP: 20/29 MP: 3/3
  1240 | D:2      | Reached skill level 4 in Axes
  1257 | D:2      | Found a snail-covered altar of Cheibriados.
  1258 | D:2      | Found a white marble altar of Elyvilon.
  1258 | D:2      | Found a basalt altar of Yredelemnul.
  1315 | D:2      | Found a shadowy altar of Dithmenos.
  2226 | D:2      | Reached XP level 4. HP: 25/35 MP: 4/4
  2243 | D:2      | HP: 1/35 [gnoll/spear (13)]
  2246 | D:2      | Gained mutation: You do not regenerate when monsters are visible. [potion of mutation]
  2246 | D:2      | Gained mutation: You have large cloven feet. [potion of mutation]
  2247 | D:2      | Mangled by a gnoll

Vault maps used:
D:1:      minmay_arrival_open_corners, minmay_tromino_i2
D:2:      tso_oasis_becter, chequers_temple_overflow_statue_of_worship,
          first_bread

Skill      XL: |  1  2  3 |
---------------+----------+-----
Axes           | 3 4 |  4.7
Fighting       | |  3.0
Armour         | |  1.7
Dodging        | |  1.7

Action                   |  1- 3 |  4- 6 || total
-------------------------+-------+-------++-------
Melee: Hand axe          |   174 |     2 ||   176
Invok: Berserk           |     3 |       ||     3
       Trog's Hand       |       |     1 ||     1
  Use: Scroll            |     7 |     1 ||     8
       Potion            |       |     1 ||     1
 Stab: Sleeping          |     3 |       ||     3
  Eat: Chunk             |     6 |     1 ||     7
Armor: Animal skin       |    31 |       ||    31
Dodge: Dodged            |   113 |     1 ||   114
